 Dungeon Crawl Stone Soup version 0.30-a0-393-g54b8e3be05 (webtiles) character file.

Game seed: 297126782556669605

98 porpoise the Slasher (level 4, 0/37 HPs)
             Began as a Demonspawn Monk on Dec 6, 2022.
             Succumbed to a gnoll's poison
             ... on level 2 of the Dungeon.
             The game lasted 00:05:11 (829 turns).

porpoise the Slasher (Demonspawn Monk)               Turns: 829, Time: 00:05:11

Health: 0/37       AC:  3    Str: 12    XL:     4   Next: 43%
Magic:  4/4        EV: 12    Int: 11    God:
Gold:   47         SH:  0    Dex: 17    Spells: 3/3 levels left

rFire   . . .      SeeInvis .    a - +0 falchion
rCold   . . .      Faith    .    (no shield)
rNeg    . . .      Spirit   .    h - +0 leather armour
rPois   .          Reflect  .    (helmet restricted)
rElec   .          Harm     .    (no cloak)
rCorr   .          Rampage  .    (no gloves)
Will    .....                    (no boots)
Stlth   +.........               (no amulet)
HPRegen 0.26/turn                (no ring)
MPRegen 0.09/turn                (no ring)

@: confused, lethally poisoned (0 -> -21), ambrosia-drunk
A: antennae 2, powered by pain 1
a: no special abilities


You were on level 2 of the Dungeon.
You visited 1 branch of the dungeon, and saw 2 of its levels.

You collected 47 gold pieces.

Inventory:

Hand Weapons
 a - a +0 falchion (weapon)
 b - a +0 dagger of electrocution
Armour
 h - a +0 leather armour (worn)
Scrolls
 d - a scroll of enchant armour {unknown}
 e - a scroll of identify
Potions
 g - a potion of flight {unknown}


   Skills:
 + Level 3.8 Fighting
 * Level 4.2 Long Blades
 - Level 2.6 Dodging
 - Level 1.7 Stealth


You had 3 spell levels left.
You didn't know any spells.
Your spell library contained the following spells:

 Spells                   Type           Power      Damage    Failure   Level
 Freeze                   Ice            0%         1d3       41%         1
 Frozen Ramparts          Ice            0%         1d1       80%         3
 Hailstorm                Conj/Ice       0%         3d3       80%         3


Dungeon Overview and Level Annotations

Branches:
Dungeon (2/15)

Altars:


Innate Abilities, Weirdness & Mutations

You have a pair of antennae on your head.
You sometimes gain a little power by taking damage.


Message History

The gnoll hits you but does no damage.
The gnoll hits you with a +1 whip of venom!
* * * LOW HITPOINT WARNING * * *
You are lethally poisoned!
You barely miss the gnoll.
The gnoll is moderately wounded.
* * * LOW HITPOINT WARNING * * *
You feel very sick.
The gnoll hits you with a +1 whip of venom.
* * * LOW HITPOINT WARNING * * *
You are more poisoned.
You feel better. The gnoll hits you but does no damage.
You are poisoned.
You feel better.
The gnoll hits you with a +1 whip of venom.
You slash the gnoll!
The gnoll is almost dead.
The gnoll hits you with a +1 whip of venom.
* * * LOW HITPOINT WARNING * * *
You are lethally poisoned!
You are confused.
You feel invigorated.
* * * LOW HITPOINT WARNING * * *
You feel very sick.
The gnoll hits you with a +1 whip of venom.
* * * LOW HITPOINT WARNING * * *
You are more poisoned.
* * * LOW HITPOINT WARNING * * *
You feel very sick.
The gnoll hits you with a +1 whip of venom.
* * * LOW HITPOINT WARNING * * *
* * * LOW HITPOINT WARNING * * *
You feel very sick. The gnoll misses you.
* * * LOW HITPOINT WARNING * * *
You feel sick.
The gnoll hits you with a +1 whip of venom.
* * * LOW HITPOINT WARNING * * *
You are more poisoned.
You die...

####.##........####
..........###.....
.....###..#.....# ...###
#..#.#..### ...#
#.........#
...#####.......#.########
......†..#.......#.......
...#####......##.#.......
...............#@#.......
.)..........#...g........
......>..........#†......
...#####..#....#.#.......
.........#......)#.......
...########.#.##.########
...# #......# ...#
###.#.>. ...# #.#.###


You could see a gnoll.

Vanquished Creatures
  An orc priest (D:2)
  2 gnolls (D:2)
  A dart slug (D:1)
  2 orcs (D:2)
  2 endoplasms (D:1)
  2 giant cockroaches
  5 goblins
  4 hobgoblins
  4 jackals (D:1)
  2 quokkas (D:1)
  3 ball pythons (D:1)
  5 bats
  3 frilled lizards (D:1)
  A kobold (D:1)
  3 rats
40 creatures vanquished.

Notes
Turn   | Place    | Note
-------+----------+-------------------------------------------
     0 | D:1      | porpoise the Demonspawn Monk began the quest for the Orb.
     0 | D:1      | Reached XP level 1. HP: 18/18 MP: 1/1
    77 | D:1      | Reached skill level 3 in Long Blades
    85 | D:1      | Gained mutation: You have a pair of small antennae on your
                  | head. [demonic ancestry]
    85 | D:1      | Reached XP level 2. HP: 20/24 MP: 2/2
   276 | D:1      | You fall into a shaft and drop 1 floor!
   316 | D:1      | Found a faded altar of an unknown god.
   493 | D:1      | Gained mutation: You have a pair of antennae on your head.
                  | [demonic ancestry]
   493 | D:1      | Reached XP level 3. HP: 29/29 MP: 3/3
   713 | D:2      | Reached skill level 4 in Long Blades
   713 | D:2      | Gained mutation: You sometimes gain a little power by
                  | taking damage. [demonic ancestry]
   713 | D:2      | Reached XP level 4. HP: 32/37 MP: 4/4
   821 | D:2      | HP: 1/37 [gnoll/+1 whip of venom (3)]
   829 | D:2      | Succumbed to a gnoll's poison

Illustrated notes

Levels and vault maps discovered:
D:1:      minmay_arrival_jagged, layout_rooms,
          shapermc_ecumenical_altar_acropolis
D:2:      layout_loops_cross

Skill      XL: |  1  2  3 |
---------------+----------+-----
Long Blades    | 3 4 |  4.2
Fighting       | |  3.8
Dodging        | |  2.6
Stealth        | |  1.7

Action                   |  1- 3 |  4- 6 || total
-------------------------+-------+-------++-------
Melee: Falchion          |   116 |    25 ||   141
       Punch             |     4 |       ||     4
  Use: Scroll            |     2 |       ||     2
       Potion            |     1 |     3 ||     4
 Stab: Sleeping          |     2 |       ||     2
Armor: Robe              |    16 |       ||    16
       Leather armour    |     6 |     5 ||    11
Dodge: Dodged            |    62 |    11 ||    73

Table legend: (Time is in decaauts)
 A = Elapsed time spent in this place.
 B = Non-inter-level travel time spent in this place.
 C = Inter-level travel time spent in this place.
 D = Time resting spent in this place.
 E = Time spent auto-exploring this place.
 F = Levels seen in this place.
 G = Mean time per level.
                   A        B        C        D        E       F      G
               +--------+--------+--------+--------+--------+-----+--------+
         Total |    847 |    819 |     28 |    140 |    301 |   2 |  423.5 |
       Dungeon |    847 |    819 |     28 |    140 |    301 |   2 |  423.5 |
               +--------+--------+--------+--------+--------+-----+--------+

Top non-repeatable levels by time:
     D:1: 612 daAuts
     D:2: 234 daAuts
